Jets vs Avalanche
Created - 16 janvier 2014 at 19:49
Goals
|
| Jets |
0 |
3 |
1 |
4 |
| Avalanche |
1 |
1 |
0 |
2 |
|
Shots
|
| Jets |
3 |
16 |
9 |
28 |
| Avalanche |
7 |
8 |
12 |
27 |
|
1st period
1. Avalanche , Corey Perry 13 (Erik Cole, Oleg Kvasha) at 3:04
Penalties :
Adam Burish (Win) for Tripping (Minor) at 7:45, Michael Ryder (Win) for Hooking (Minor) at 17:43
2nd period
2. Jets , Jussi Jokinen 15 (Miroslav Satan, Tuomo Ruutu) at 1:04
3. Jets , Jason Allison 11 (Michal Rozsival) at 5:32
4. Avalanche , Chuck Kobasew 5 (Jack Johnson) at 16:23
5. Jets , Dmitri Kalinin 4 (Michal Rozsival, Jason Allison) at 16:35
Penalties :
Ryan Smyth (Col) for Roughing (Minor) at 6:45, Mike Comrie (Col) for Interference (Minor) at 14:10, Miroslav Satan (Win) for Hooking (Minor) at 17:02
3rd period
6. Jets , Daniel Alfredsson 16 (Dmitri Kalinin) at 19:22 (Empty Net)
Penalties :
Daniel Alfredsson (Win) for Holding (Minor) at 0:03, Dave Tanabe (Col) for Holding (Minor) at 6:11, Miroslav Satan (Win) for Holding (Minor) at 6:50, Rostislav Olesz (Col) for Hooking (Minor) at 9:04, Corey Perry (Col) for Charging (Minor) at 13:05
Goalie Stats
Maxime Daigneault (Win), 25 saves from 27 shots - (0,926), W, 15-14-1, 60:00 minutes
Marty Turco (Col), 24 saves from 27 shots - (0,889), L, 15-11-3, 59:38 minutes
Players Stats for Jets
Player Name G A P +/- PIM S H SB GA TA FO MP PP MP PK MP
------------------------------------------------------------------------------------
Adam Burish 0 0 0 -1 2 1 2 0 0 0 1/2 13:09 0:06 1:22
Benoit Pouliot 0 0 0 1 0 4 3 1 1 0 0/0 17:51 4:33 1:16
Colin White 0 0 0 0 0 3 0 0 0 1 0/0 20:39 3:42 3:23
Daniel Alfredsson 1 0 1 2 2 4 1 1 0 0 1/2 21:13 4:33 3:32
Dmitri Kalinin 1 1 2 3 0 4 0 2 0 1 0/0 25:19 4:53 5:12
Eric Brewer 0 0 0 0 0 0 0 3 0 1 0/0 20:07 3:42 3:23
Fredrik Sjostrom 0 0 0 2 0 0 1 1 0 0 0/0 7:20 0:00 0:00
Greg Campbell 0 0 0 -1 0 0 1 0 0 1 0/2 15:29 0:00 4:11
Jason Allison 1 1 2 3 0 2 1 0 0 0 21/37 25:25 4:22 5:19
Jussi Jokinen 1 0 1 0 0 4 2 0 0 0 0/1 15:36 3:56 0:00
Kristian Huselius 0 0 0 -1 0 0 1 0 0 0 0/0 11:19 0:06 0:10
Michael Ryder 0 0 0 1 2 1 1 0 1 0 0/0 9:06 0:17 0:00
Michal Rozsival 0 2 2 2 0 2 2 4 1 0 0/0 28:45 4:53 5:12
Mike Commodore 0 0 0 0 0 0 0 1 0 0 0/0 10:23 0:00 0:00
Miroslav Satan 0 1 1 0 4 0 1 0 1 0 1/3 17:44 3:55 1:20
Roman Hamrlik 0 0 0 0 0 0 1 0 0 0 0/0 10:05 0:00 0:00
Tuomo Ruutu 0 1 1 0 0 3 2 0 0 0 2/5 15:48 3:56 0:00
Zbynek Michalek 0 0 0 -1 0 0 0 0 0 0 0/0 4:42 0:00 0:00
Players Stats for Avalanche
Player Name G A P +/- PIM S H SB GA TA FO MP PP MP PK MP
------------------------------------------------------------------------------------
Brian Campbell 0 0 0 -1 0 2 0 0 0 2 0/0 20:05 3:38 2:42
Bryan Little 0 0 0 1 0 0 2 0 0 0 2/4 12:43 0:00 1:27
Chuck Kobasew 1 0 1 1 0 5 2 0 0 0 1/1 11:15 0:05 0:00
Corey Perry 1 0 1 -2 2 1 2 1 1 0 0/0 17:50 3:26 1:31
Daniel Cleary 0 0 0 0 0 0 0 0 0 0 0/0 5:50 0:00 0:00
Dave Tanabe 0 0 0 -1 2 1 1 2 2 0 0/0 23:52 4:57 5:14
Drew Doughty 0 0 0 0 0 0 0 0 0 0 0/0 2:36 0:00 0:00
Erik Cole 0 1 1 -2 0 0 2 1 0 0 1/2 17:35 3:26 1:38
Jack Johnson 0 1 1 -1 0 2 0 0 0 0 0/0 20:05 3:38 2:42
Jason Pominville 0 0 0 -1 0 5 0 0 0 1 2/4 22:28 5:06 4:26
Jeff Taffe 0 0 0 0 0 0 1 0 0 0 0/1 9:18 0:00 2:35
Marc Staal 0 0 0 -1 0 3 1 3 0 0 0/0 28:08 4:57 5:53
Mike Comrie 0 0 0 -1 2 1 2 0 1 0 10/21 19:33 4:54 2:01
Mike Mottau 0 0 0 0 0 1 0 0 0 1 0/0 12:54 0:10 0:39
Oleg Kvasha 0 1 1 -2 0 0 1 1 0 0 7/10 15:53 3:26 0:00
Rostislav Olesz 0 0 0 1 2 0 1 0 0 0 0/0 12:48 0:35 0:00
Ryan Smyth 0 0 0 -1 2 5 4 0 0 0 3/9 24:38 4:37 3:32
Shane O'Brien 0 0 0 0 0 1 0 1 0 0 0/0 12:29 0:00 0:00
3 Stars
1 - Jason Allison (Win)
2 - Dmitri Kalinin (Win)
3 - Michal Rozsival (Win)
Power Play
Jets - 0 on 5 Attempt(s) - 0,00%
Avalanche - 0 on 5 Attempt(s) - 0,00%
Penalty Kill
Jets - 5 on 5 Attempt(s) - 100,00%
- Score 0 goal in Penalty Kill
Avalanche - 5 on 5 Attempt(s) - 100,00%
- Score 0 goal in Penalty Kill
Official
Referees : O'Rourke Dan and Auger Stephane
Linesman : Darren Gibbs and Vaughan Rody
Game Notes
Daniel Alfredsson has scored in a empty net!
Finance
Level 1 -- Attendance: 5189 (86,48%) -- Ticket Income 435 876 $
Level 2 -- Attendance: 5000 (100,00%) -- Ticket Income 250 000 $
Level 3 -- Attendance: 1900 (95,00%) -- Ticket Income 53 200 $
Level 4 -- Attendance: 3833 (95,83%) -- Ticket Income 68 994 $
Luxury Box -- Attendance: 956 (95,60%) -- Ticket Income 159 652 $
Game was played at the Pepsi Center
Total Attendance: 16878 (93,77%)
Total Ticket Income: 967 722 $
Other Income: 145 158 $
Total Income: 1 112 880 $
Jets
5 vs 5 Forward
Center Left Wing Right Wing Time % Phy DF OF
1 Jason Allison Benoit Pouliot Daniel Alfredsson 40 1 2 2
2 Tuomo Ruutu Jussi Jokinen Miroslav Satan 30 1 2 2
3 Greg Campbell Kristian Huselius Adam Burish 20 1 2 2
4 Jason Allison Fredrik Sjostrom Michael Ryder 10 1 2 2
5 vs 5 Defense
Defense Defense Time % Phy DF OF
1 Michal Rozsival Dmitri Kalinin 40 1 2 2
2 Eric Brewer Colin White 30 1 2 2
3 Roman Hamrlik Mike Commodore 20 1 2 2
4 Zbynek Michalek Michal Rozsival 10 1 2 2
PowerPlay Forward
Center Left Wing Right Wing Time % Phy DF OF
1 Jason Allison Benoit Pouliot Daniel Alfredsson 60 1 2 2
2 Tuomo Ruutu Jussi Jokinen Miroslav Satan 40 1 2 2
PowerPlay Defense
Defense Defense Time % Phy DF OF
1 Michal Rozsival Dmitri Kalinin 60 1 2 2
2 Eric Brewer Colin White 40 1 2 2
Penalty Kill 4 Players Forward
Center Wing Time % Phy DF OF
1 Jason Allison Daniel Alfredsson 60 1 2 2
2 Miroslav Satan Adam Burish 40 1 2 2
Penalty Kill 4 Players Defense
Defense Defense Time % Phy DF OF
1 Michal Rozsival Dmitri Kalinin 60 1 2 2
2 Eric Brewer Colin White 40 1 2 2
Penalty Kill - 3 Players Forward
Forward Time % Phy DF OF
1 Jason Allison 60 1 2 2
2 Daniel Alfredsson 40 1 2 2
Penalty Kill - 3 Players Defense
Defense Defense Time % Phy DF OF
1 Michal Rozsival Dmitri Kalinin 60 1 2 2
2 Eric Brewer Colin White 40 1 2 2
4 vs 4 Forward
Center Wing Time % Phy DF OF
1 Jason Allison Daniel Alfredsson 60 1 2 2
2 Miroslav Satan Adam Burish 40 1 2 2
4 vs 4 Defense
Defense Defense Time % Phy DF OF
1 Michal Rozsival Dmitri Kalinin 60 1 2 2
2 Eric Brewer Colin White 40 1 2 2
Last Minutes Offensive
Center Left Wing Right Wing Defense Defense
Jason Allison Benoit Pouliot Daniel Alfredsson Michal Rozsival Dmitri Kalinin
Last Minutes Defensive
Center Left Wing Right Wing Defense Defense
Jason Allison Benoit Pouliot Daniel Alfredsson Michal Rozsival Dmitri Kalinin
Goaltenders
Starting : Maxime Daigneault
Backup : Ilya Bryzgalov
Extra Forwards
Normal : Michael Ryder, Kristian Huselius, Greg Campbell - PP : Michael Ryder, Kristian Huselius - PK : Greg Campbell
Extra Defensemen
Normal : Roman Hamrlik, Mike Commodore, Zbynek Michalek - PP : Roman Hamrlik - PK : Mike Commodore, Zbynek Michalek
Penalty Shots
Jason Allison, Daniel Alfredsson, Miroslav Satan, Adam Burish, Benoit Pouliot
Avalanche
5 vs 5 Forward
Center Left Wing Right Wing Time % Phy DF OF
1 Mike Comrie Ryan Smyth Jason Pominville 40 1 2 2
2 Oleg Kvasha Erik Cole Corey Perry 30 1 2 2
3 Bryan Little Rostislav Olesz Chuck Kobasew 20 1 2 2
4 Ryan Smyth Jeff Taffe Daniel Cleary 10 1 2 2
5 vs 5 Defense
Defense Defense Time % Phy DF OF
1 Marc Staal Dave Tanabe 40 1 2 2
2 Jack Johnson Brian Campbell 30 1 2 2
3 Shane O'Brien Mike Mottau 20 1 2 2
4 Drew Doughty Marc Staal 10 1 2 2
PowerPlay Forward
Center Left Wing Right Wing Time % Phy DF OF
1 Mike Comrie Ryan Smyth Jason Pominville 60 1 2 2
2 Oleg Kvasha Erik Cole Corey Perry 40 1 2 2
PowerPlay Defense
Defense Defense Time % Phy DF OF
1 Marc Staal Dave Tanabe 60 1 2 2
2 Jack Johnson Brian Campbell 40 1 2 2
Penalty Kill 4 Players Forward
Center Wing Time % Phy DF OF
1 Ryan Smyth Jason Pominville 60 1 2 2
2 Corey Perry Mike Comrie 40 1 2 2
Penalty Kill 4 Players Defense
Defense Defense Time % Phy DF OF
1 Marc Staal Dave Tanabe 60 1 2 2
2 Jack Johnson Brian Campbell 40 1 2 2
Penalty Kill - 3 Players Forward
Forward Time % Phy DF OF
1 Ryan Smyth 60 1 2 2
2 Jason Pominville 40 1 2 2
Penalty Kill - 3 Players Defense
Defense Defense Time % Phy DF OF
1 Marc Staal Dave Tanabe 60 1 2 2
2 Jack Johnson Brian Campbell 40 1 2 2
4 vs 4 Forward
Center Wing Time % Phy DF OF
1 Ryan Smyth Jason Pominville 60 1 2 2
2 Corey Perry Mike Comrie 40 1 2 2
4 vs 4 Defense
Defense Defense Time % Phy DF OF
1 Marc Staal Dave Tanabe 60 1 2 2
2 Jack Johnson Brian Campbell 40 1 2 2
Last Minutes Offensive
Center Left Wing Right Wing Defense Defense
Mike Comrie Ryan Smyth Jason Pominville Marc Staal Dave Tanabe
Last Minutes Defensive
Center Left Wing Right Wing Defense Defense
Mike Comrie Ryan Smyth Jason Pominville Marc Staal Dave Tanabe
Goaltenders
Starting : Marty Turco
Backup : Patrick Lalime
Extra Forwards
Normal : Rostislav Olesz, Chuck Kobasew, Jeff Taffe - PP : Rostislav Olesz, Chuck Kobasew - PK : Jeff Taffe
Extra Defensemen
Normal : Shane O'Brien, Mike Mottau, Drew Doughty - PP : Shane O'Brien - PK : Mike Mottau, Drew Doughty
Penalty Shots
Ryan Smyth, Jason Pominville, Corey Perry, Mike Comrie, Erik Cole
% Time on Ice - Jets
Lines # - Real PCT - Wanted PCT - Time Play
Normal Forward
1 - 27% - 40% - 10:56
2 - 36% - 30% - 14:50
3 - 22% - 20% - 9:00
4 - 15% - 10% - 6:11
Normal Defense
1 - 35% - 40% - 14:13
2 - 30% - 30% - 12:10
3 - 24% - 20% - 9:52
4 - 11% - 10% - 4:42
PP Forward
1 - 54% - 60% - 4:39
2 - 46% - 40% - 3:56
PP Defense
1 - 57% - 60% - 4:53
2 - 43% - 40% - 3:42
PK Forward
1 - 75% - 60% - 6:26
2 - 25% - 40% - 2:09
PK Defense
1 - 61% - 60% - 5:12
2 - 39% - 40% - 3:23
PK3 Forward
1 - 0% - 60%
2 - 0% - 40%
PK3 Defense
1 - 0% - 60%
2 - 0% - 40%
44 Forward
1 - 71% - 60% - 0:57
2 - 29% - 40% - 0:23
44 Defense
1 - 54% - 60% - 0:43
2 - 46% - 40% - 0:37
Last Minute Offensive - 0:00
Last Minute Defensive - 0:33
Total
Forward - 60:00
Defense - 60:00
|
% Time on Ice - Avalanche
Lines # - Real PCT - Wanted PCT - Time Play
Normal Forward
1 - 29% - 40% - 11:51
2 - 33% - 30% - 13:42
3 - 24% - 20% - 10:01
4 - 13% - 10% - 5:26
Normal Defense
1 - 32% - 40% - 13:12
2 - 33% - 30% - 13:25
3 - 29% - 20% - 11:47
4 - 6% - 10% - 2:36
PP Forward
1 - 60% - 60% - 5:09
2 - 40% - 40% - 3:26
PP Defense
1 - 58% - 60% - 4:57
2 - 42% - 40% - 3:38
PK Forward
1 - 74% - 60% - 6:19
2 - 26% - 40% - 2:16
PK Defense
1 - 69% - 60% - 5:53
2 - 31% - 40% - 2:42
PK3 Forward
1 - 0% - 60%
2 - 0% - 40%
PK3 Defense
1 - 0% - 60%
2 - 0% - 40%
44 Forward
1 - 69% - 60% - 0:55
2 - 31% - 40% - 0:25
44 Defense
1 - 75% - 60% - 1:00
2 - 25% - 40% - 0:20
Last Minute Offensive - 0:30
Last Minute Defensive - 0:00
Total
Forward - 60:00
Defense - 60:00
|
Play by Play
1st period
0:01 of 1st period - Jason Allison wins face-off versus Mike Comrie in neutral zone.
0:03 of 1st period - Off-side.
0:04 of 1st period - Jason Allison wins face-off versus Mike Comrie in neutral zone.
0:07 of 1st period - Slapshot by Benoit Pouliot.
0:07 of 1st period - Stopped by Marty Turco with a rebound.
1:09 of 1st period - Michael Ryder is hit by Ryan Smyth and loses puck.
1:34 of 1st period - Snap shot by Jussi Jokinen.
1:34 of 1st period - Shot Blocked by Shane O'Brien.
2:08 of 1st period - Wrist shot by Bryan Little.
2:08 of 1st period - Shot Blocked by Mike Commodore.
2:36 of 1st period - Wrist shot by Jussi Jokinen.
2:36 of 1st period - Stopped by Marty Turco without a rebound.
2:37 of 1st period - Oleg Kvasha wins face-off versus Tuomo Ruutu in Avalanche zone.
2:56 of 1st period - Slapshot by Corey Perry.
2:56 of 1st period - Shot Misses the Net.
3:04 of 1st period - Wrist shot by Corey Perry.
3:04 of 1st period - Goal by Corey Perry - Jets : 0 - Avalanche : 1.
3:05 of 1st period - Mike Comrie wins face-off versus Jason Allison in neutral zone.
3:14 of 1st period - Wrist shot by Ryan Smyth.
3:14 of 1st period - Stopped by Maxime Daigneault without a rebound.
3:15 of 1st period - Mike Comrie wins face-off versus Jason Allison in Jets zone.
3:34 of 1st period - Snap shot by Benoit Pouliot.
3:34 of 1st period - Stopped by Marty Turco without a rebound.
3:35 of 1st period - Chuck Kobasew wins face-off versus Greg Campbell in Avalanche zone.
3:42 of 1st period - Snap shot by Chuck Kobasew.
3:42 of 1st period - Stopped by Maxime Daigneault with a rebound.
3:44 of 1st period - Slapshot by Jack Johnson.
3:44 of 1st period - Stopped by Maxime Daigneault with a rebound.
3:46 of 1st period - Snap shot by Rostislav Olesz.
3:46 of 1st period - Shot Blocked by Dmitri Kalinin.
4:02 of 1st period - Icing by Mike Comrie.
4:03 of 1st period - Mike Comrie wins face-off versus Jason Allison in Avalanche zone.
4:22 of 1st period - Snap shot by Ryan Smyth.
4:22 of 1st period - Stopped by Maxime Daigneault with a rebound.
4:32 of 1st period - Snap shot by Ryan Smyth.
4:32 of 1st period - Stopped by Maxime Daigneault with a rebound.
4:34 of 1st period - Snap shot by Marc Staal.
4:34 of 1st period - Shot Blocked by Eric Brewer.
4:44 of 1st period - Slapshot by Jason Pominville.
4:44 of 1st period - Shot Misses the Net.
4:46 of 1st period - Wrist shot by Mike Comrie.
4:46 of 1st period - Shot Blocked by Daniel Alfredsson.
4:48 of 1st period - Snap shot by Dave Tanabe.
4:48 of 1st period - Deflect By Mike Comrie.
4:48 of 1st period - Shot Blocked by Eric Brewer.
4:48 of 1st period - Puck is out of play.
4:49 of 1st period - Oleg Kvasha wins face-off versus Jussi Jokinen in Jets zone.
5:14 of 1st period - Rostislav Olesz is hit by Adam Burish and loses puck.
6:20 of 1st period - Snap shot by Ryan Smyth.
6:20 of 1st period - Shot Hit the Post.
6:53 of 1st period - Colin White is hit by Chuck Kobasew.
7:05 of 1st period - Mike Mottau is hit by Michael Ryder and loses puck.
7:34 of 1st period - Snap shot by Jason Allison.
7:34 of 1st period - Shot Misses the Net.
7:45 of 1st period - Minor Penalty to Adam Burish for Tripping.
7:46 of 1st period - Mike Comrie wins face-off versus Jason Allison in Jets zone.
9:30 of 1st period - Marc Staal is hit by Benoit Pouliot and loses puck.
9:45 of 1st period - Penalty to Adam Burish is over, Adam Burish is back on ice.
9:48 of 1st period - Dmitri Kalinin is hit by Marc Staal and loses puck.
10:36 of 1st period - Icing by Michal Rozsival.
10:37 of 1st period - Oleg Kvasha wins face-off versus Miroslav Satan in Jets zone.
13:07 of 1st period - Greg Campbell is hit by Dave Tanabe and loses puck.
13:26 of 1st period - Michael Ryder is hit by Rostislav Olesz and loses puck.
16:38 of 1st period - Tuomo Ruutu is hit by Jeff Taffe and loses puck.
17:07 of 1st period - Kristian Huselius is hit by Mike Comrie.
17:43 of 1st period - Minor Penalty to Michael Ryder for Hooking.
17:44 of 1st period - Jason Allison wins face-off versus Ryan Smyth in Jets zone.
17:53 of 1st period - Snap shot by Jason Pominville.
17:53 of 1st period - Stopped by Maxime Daigneault with a rebound.
19:43 of 1st period - Penalty to Michael Ryder is over, Michael Ryder is back on ice.
19:58 of 1st period - Slapshot by Jussi Jokinen.
19:58 of 1st period - Shot Misses the Net.
Goals for this period are 0 for Jets vs 1 for Avalanche.
Shots for this period are 3 for Jets vs 7 for Avalanche.
2nd period
0:01 of 2nd period - Mike Comrie wins face-off versus Jason Allison in neutral zone.
0:03 of 2nd period - Off-side.
0:04 of 2nd period - Jason Allison wins face-off versus Mike Comrie in neutral zone.
0:07 of 2nd period - Slapshot by Dmitri Kalinin.
0:07 of 2nd period - Stopped by Marty Turco without a rebound.
0:08 of 2nd period - Jason Allison wins face-off versus Jason Pominville in Avalanche zone.
0:17 of 2nd period - Slapshot by Daniel Alfredsson.
0:17 of 2nd period - Stopped by Marty Turco with a rebound.
0:31 of 2nd period - Off-side.
0:32 of 2nd period - Oleg Kvasha wins face-off versus Miroslav Satan in neutral zone.
0:40 of 2nd period - Off-side.
0:41 of 2nd period - Miroslav Satan wins face-off versus Oleg Kvasha in neutral zone.
0:44 of 2nd period - Snap shot by Tuomo Ruutu.
0:44 of 2nd period - Shot Blocked by Oleg Kvasha.
0:46 of 2nd period - Wrist shot by Jussi Jokinen.
0:46 of 2nd period - Stopped by Marty Turco with a rebound.
0:48 of 2nd period - Snap shot by Jussi Jokinen.
0:48 of 2nd period - Deflect By Tuomo Ruutu.
0:48 of 2nd period - Stopped by Marty Turco with a rebound.
1:04 of 2nd period - Wrist shot by Jussi Jokinen.
1:04 of 2nd period - Goal by Jussi Jokinen - Jets : 1 - Avalanche : 1.
1:05 of 2nd period - Jason Allison wins face-off versus Ryan Smyth in neutral zone.
2:14 of 2nd period - Fredrik Sjostrom is hit by Ryan Smyth and loses puck.
2:35 of 2nd period - Snap shot by Adam Burish.
2:35 of 2nd period - Shot Misses the Net.
3:01 of 2nd period - Slapshot by Chuck Kobasew.
3:01 of 2nd period - Stopped by Maxime Daigneault with a rebound.
3:03 of 2nd period - Slapshot by Chuck Kobasew.
3:03 of 2nd period - Shot Misses the Net.
3:27 of 2nd period - Benoit Pouliot is hit by Ryan Smyth.
4:28 of 2nd period - Off-side.
4:29 of 2nd period - Oleg Kvasha wins face-off versus Greg Campbell in neutral zone.
4:32 of 2nd period - Greg Campbell is hit by Erik Cole and loses puck.
5:26 of 2nd period - Off-side.
5:27 of 2nd period - Jason Allison wins face-off versus Oleg Kvasha in neutral zone.
5:32 of 2nd period - Wrist shot by Jason Allison.
5:32 of 2nd period - Goal by Jason Allison - Jets : 2 - Avalanche : 1.
5:33 of 2nd period - Mike Comrie wins face-off versus Jason Allison in neutral zone.
5:41 of 2nd period - Dave Tanabe is hit by Michal Rozsival and loses puck.
6:00 of 2nd period - Corey Perry is hit by Tuomo Ruutu and loses puck.
6:23 of 2nd period - Snap shot by Adam Burish.
6:23 of 2nd period - Stopped by Marty Turco without a rebound.
6:24 of 2nd period - Jason Allison wins face-off versus Mike Comrie in Avalanche zone.
6:35 of 2nd period - Slapshot by Daniel Alfredsson.
6:35 of 2nd period - Stopped by Marty Turco with a rebound.
6:37 of 2nd period - Wrist shot by Benoit Pouliot.
6:37 of 2nd period - Stopped by Marty Turco with a rebound.
6:39 of 2nd period - Snap shot by Daniel Alfredsson.
6:39 of 2nd period - Shot Blocked by Marc Staal.
6:45 of 2nd period - Minor Penalty to Ryan Smyth for Roughing.
6:46 of 2nd period - Jason Allison wins face-off versus Jeff Taffe in Avalanche zone.
6:49 of 2nd period - Snap shot by Daniel Alfredsson.
6:49 of 2nd period - Shot Misses the Net.
6:51 of 2nd period - Slapshot by Dmitri Kalinin.
6:51 of 2nd period - Shot Misses the Net.
6:53 of 2nd period - Wrist shot by Benoit Pouliot.
6:53 of 2nd period - Shot Misses the Net.
6:55 of 2nd period - Snap shot by Jason Allison.
6:55 of 2nd period - Shot Misses the Net.
6:57 of 2nd period - Slapshot by Benoit Pouliot.
6:57 of 2nd period - Shot Blocked by Marc Staal.
6:59 of 2nd period - Slapshot by Dmitri Kalinin.
6:59 of 2nd period - Stopped by Marty Turco with a rebound.
7:11 of 2nd period - Dave Tanabe is hit by Jussi Jokinen and loses puck.
7:58 of 2nd period - Snap shot by Mike Comrie.
7:58 of 2nd period - Shot Misses the Net.
8:45 of 2nd period - Penalty to Ryan Smyth is over, Ryan Smyth is back on ice.
9:44 of 2nd period - Snap shot by Shane O'Brien.
9:44 of 2nd period - Stopped by Maxime Daigneault with a rebound.
9:58 of 2nd period - Snap shot by Corey Perry.
9:58 of 2nd period - Shot Blocked by Michal Rozsival.
10:00 of 2nd period - Slapshot by Erik Cole.
10:00 of 2nd period - Shot Misses the Net.
10:38 of 2nd period - Eric Brewer is hit by Oleg Kvasha.
10:50 of 2nd period - Jason Pominville is hit by Jussi Jokinen and loses puck.
11:01 of 2nd period - Mike Commodore is hit by Bryan Little.
12:12 of 2nd period - Slapshot by Brian Campbell.
12:12 of 2nd period - Stopped by Maxime Daigneault without a rebound.
12:13 of 2nd period - Mike Comrie wins face-off versus Tuomo Ruutu in Jets zone.
12:14 of 2nd period - Snap shot by Jason Pominville.
12:14 of 2nd period - Stopped by Maxime Daigneault with a rebound.
12:46 of 2nd period - Roman Hamrlik is hit by Ryan Smyth and loses puck.
13:16 of 2nd period - Wrist shot by Jason Allison.
13:16 of 2nd period - Deflect By Dave Tanabe.
13:16 of 2nd period - Shot Misses the Net.
13:16 of 2nd period - Puck is out of play.
13:17 of 2nd period - Bryan Little wins face-off versus Daniel Alfredsson in Avalanche zone.
13:17 of 2nd period - Bryan Little is hit by Benoit Pouliot.
13:26 of 2nd period - Slapshot by Bryan Little.
13:26 of 2nd period - Shot Blocked by Dmitri Kalinin.
13:28 of 2nd period - Slapshot by Jack Johnson.
13:28 of 2nd period - Deflect By Michal Rozsival.
13:28 of 2nd period - Stopped by Maxime Daigneault with a rebound.
13:30 of 2nd period - Slapshot by Chuck Kobasew.
13:30 of 2nd period - Deflect By Bryan Little.
13:30 of 2nd period - Shot Hit the Post.
13:30 of 2nd period - Puck is out of play.
13:31 of 2nd period - Tuomo Ruutu wins face-off versus Erik Cole in Jets zone.
13:48 of 2nd period - Tuomo Ruutu is hit by Corey Perry and loses puck.
14:10 of 2nd period - Minor Penalty to Mike Comrie for Interference.
14:11 of 2nd period - Ryan Smyth wins face-off versus Jason Allison in Avalanche zone.
14:19 of 2nd period - Slapshot by Michal Rozsival.
14:19 of 2nd period - Shot Blocked by Marc Staal.
14:21 of 2nd period - Slapshot by Michal Rozsival.
14:21 of 2nd period - Stopped by Marty Turco without a rebound.
14:22 of 2nd period - Jason Pominville wins face-off versus Jason Allison in Avalanche zone.
14:22 of 2nd period - Jason Pominville is hit by Jason Allison.
14:37 of 2nd period - Slapshot by Dmitri Kalinin.
14:37 of 2nd period - Stopped by Marty Turco with a rebound.
15:15 of 2nd period - Jack Johnson is hit by Daniel Alfredsson.
16:10 of 2nd period - Penalty to Mike Comrie is over, Mike Comrie is back on ice.
16:21 of 2nd period - Wrist shot by Chuck Kobasew.
16:21 of 2nd period - Stopped by Maxime Daigneault with a rebound.
16:23 of 2nd period - Wrist shot by Chuck Kobasew.
16:23 of 2nd period - Goal by Chuck Kobasew - Jets : 2 - Avalanche : 2.
16:24 of 2nd period - Jason Allison wins face-off versus Oleg Kvasha in neutral zone.
16:27 of 2nd period - Slapshot by Michal Rozsival.
16:27 of 2nd period - Shot Blocked by Corey Perry.
16:29 of 2nd period - Snap shot by Daniel Alfredsson.
16:29 of 2nd period - Shot Blocked by Erik Cole.
16:31 of 2nd period - Wrist shot by Jason Allison.
16:31 of 2nd period - Stopped by Marty Turco with a rebound.
16:33 of 2nd period - Slapshot by Michal Rozsival.
16:33 of 2nd period - Stopped by Marty Turco with a rebound.
16:35 of 2nd period - Slapshot by Dmitri Kalinin.
16:35 of 2nd period - Goal by Dmitri Kalinin - Jets : 3 - Avalanche : 2.
16:36 of 2nd period - Jason Pominville wins face-off versus Jason Allison in neutral zone.
17:02 of 2nd period - Minor Penalty to Miroslav Satan for Hooking.
17:03 of 2nd period - Mike Comrie wins face-off versus Jason Allison in Jets zone.
17:06 of 2nd period - Wrist shot by Jason Pominville.
17:06 of 2nd period - Shot Misses the Net.
17:59 of 2nd period - Eric Brewer is hit by Erik Cole and loses puck.
18:11 of 2nd period - Icing by Jason Pominville.
18:12 of 2nd period - Mike Comrie wins face-off versus Adam Burish in Avalanche zone.
18:17 of 2nd period - Snap shot by Ryan Smyth.
18:17 of 2nd period - Stopped by Maxime Daigneault with a rebound.
19:02 of 2nd period - Penalty to Miroslav Satan is over, Miroslav Satan is back on ice.
19:18 of 2nd period - Slapshot by Tuomo Ruutu.
19:18 of 2nd period - Stopped by Marty Turco with a rebound.
Goals for this period are 3 for Jets vs 1 for Avalanche.
Shots for this period are 16 for Jets vs 8 for Avalanche.
3rd period
0:01 of 3rd period - Jason Allison wins face-off versus Mike Comrie in neutral zone.
0:03 of 3rd period - Minor Penalty to Daniel Alfredsson for Holding.
0:04 of 3rd period - Jason Allison wins face-off versus Mike Comrie in Jets zone.
0:36 of 3rd period - Snap shot by Erik Cole.
0:36 of 3rd period - Shot Blocked by Benoit Pouliot.
0:38 of 3rd period - Slapshot by Marc Staal.
0:38 of 3rd period - Stopped by Maxime Daigneault without a rebound.
0:39 of 3rd period - Mike Comrie wins face-off versus Jason Allison in Jets zone.
0:44 of 3rd period - Snap shot by Jason Pominville.
0:44 of 3rd period - Deflect By Ryan Smyth.
0:44 of 3rd period - Stopped by Maxime Daigneault without a rebound.
0:45 of 3rd period - Jason Allison wins face-off versus Mike Comrie in Jets zone.
0:58 of 3rd period - Snap shot by Brian Campbell.
0:58 of 3rd period - Deflect By Mike Comrie.
0:58 of 3rd period - Stopped by Maxime Daigneault without a rebound.
0:59 of 3rd period - Jason Allison wins face-off versus Mike Comrie in Jets zone.
1:11 of 3rd period - Icing by Mike Comrie.
1:12 of 3rd period - Jason Allison wins face-off versus Mike Comrie in Avalanche zone.
1:16 of 3rd period - Icing by Ryan Smyth.
1:17 of 3rd period - Ryan Smyth wins face-off versus Jason Allison in Avalanche zone.
1:28 of 3rd period - Wrist shot by Jason Pominville.
1:28 of 3rd period - Shot Misses the Net.
1:30 of 3rd period - Slapshot by Marc Staal.
1:30 of 3rd period - Shot Blocked by Michal Rozsival.
1:32 of 3rd period - Slapshot by Marc Staal.
1:32 of 3rd period - Deflect By Jason Allison.
1:32 of 3rd period - Stopped by Maxime Daigneault with a rebound.
1:34 of 3rd period - Slapshot by Marc Staal.
1:34 of 3rd period - Stopped by Maxime Daigneault with a rebound.
1:44 of 3rd period - Wrist shot by Jason Pominville.
1:44 of 3rd period - Stopped by Maxime Daigneault without a rebound.
1:45 of 3rd period - Oleg Kvasha wins face-off versus Jason Allison in Jets zone.
1:53 of 3rd period - Slapshot by Brian Campbell.
1:53 of 3rd period - Stopped by Maxime Daigneault with a rebound.
1:59 of 3rd period - Wrist shot by Corey Perry.
1:59 of 3rd period - Shot Misses the Net.
2:01 of 3rd period - Wrist shot by Corey Perry.
2:01 of 3rd period - Shot Blocked by Eric Brewer.
2:03 of 3rd period - Penalty to Daniel Alfredsson is over, Daniel Alfredsson is back on ice.
2:15 of 3rd period - Wrist shot by Bryan Little.
2:15 of 3rd period - Shot Misses the Net.
2:47 of 3rd period - Snap shot by Adam Burish.
2:47 of 3rd period - Shot Misses the Net.
3:01 of 3rd period - Dmitri Kalinin is hit by Corey Perry and loses puck.
4:27 of 3rd period - Corey Perry is hit by Kristian Huselius and loses puck.
4:46 of 3rd period - Corey Perry is hit by Miroslav Satan and loses puck.
4:59 of 3rd period - Benoit Pouliot is hit by Chuck Kobasew and loses puck.
5:25 of 3rd period - Ryan Smyth is hit by Roman Hamrlik and loses puck.
5:38 of 3rd period - Snap shot by Jussi Jokinen.
5:38 of 3rd period - Stopped by Marty Turco without a rebound.
5:39 of 3rd period - Tuomo Ruutu wins face-off versus Bryan Little in Avalanche zone.
5:48 of 3rd period - Snap shot by Tuomo Ruutu.
5:48 of 3rd period - Stopped by Marty Turco without a rebound.
5:49 of 3rd period - Jason Allison wins face-off versus Ryan Smyth in Avalanche zone.
5:50 of 3rd period - Snap shot by Benoit Pouliot.
5:50 of 3rd period - Shot Blocked by Dave Tanabe.
5:52 of 3rd period - Snap shot by Benoit Pouliot.
5:52 of 3rd period - Stopped by Marty Turco without a rebound.
5:53 of 3rd period - Jason Allison wins face-off versus Mike Comrie in Avalanche zone.
5:56 of 3rd period - Snap shot by Jason Allison.
5:56 of 3rd period - Shot Blocked by Dave Tanabe.
5:58 of 3rd period - Slapshot by Colin White.
5:58 of 3rd period - Stopped by Marty Turco with a rebound.
6:00 of 3rd period - Snap shot by Benoit Pouliot.
6:00 of 3rd period - Shot Misses the Net.
6:02 of 3rd period - Wrist shot by Colin White.
6:02 of 3rd period - Stopped by Marty Turco with a rebound.
6:04 of 3rd period - Slapshot by Colin White.
6:04 of 3rd period - Stopped by Marty Turco with a rebound.
6:06 of 3rd period - Wrist shot by Benoit Pouliot.
6:06 of 3rd period - Shot Misses the Net.
6:08 of 3rd period - Slapshot by Daniel Alfredsson.
6:08 of 3rd period - Stopped by Marty Turco without a rebound.
6:09 of 3rd period - Erik Cole wins face-off versus Jason Allison in Avalanche zone.
6:11 of 3rd period - Minor Penalty to Dave Tanabe for Holding.
6:12 of 3rd period - Jason Allison wins face-off versus Ryan Smyth in Avalanche zone.
6:48 of 3rd period - Snap shot by Mike Comrie.
6:48 of 3rd period - Shot Misses the Net.
6:50 of 3rd period - Minor Penalty to Miroslav Satan for Holding.
6:51 of 3rd period - Daniel Alfredsson wins face-off versus Ryan Smyth in Jets zone.
6:55 of 3rd period - Off-side.
6:56 of 3rd period - Jason Allison wins face-off versus Jason Pominville in neutral zone.
7:52 of 3rd period - Brian Campbell is hit by Adam Burish.
8:11 of 3rd period - Penalty to Dave Tanabe is over, Dave Tanabe is back on ice.
8:20 of 3rd period - Snap shot by Dave Tanabe.
8:20 of 3rd period - Stopped by Maxime Daigneault without a rebound.
8:21 of 3rd period - Oleg Kvasha wins face-off versus Jason Allison in Jets zone.
8:50 of 3rd period - Penalty to Miroslav Satan is over, Miroslav Satan is back on ice.
8:57 of 3rd period - Snap shot by Rostislav Olesz.
8:57 of 3rd period - Shot Blocked by Michal Rozsival.
8:59 of 3rd period - Slapshot by Mike Mottau.
8:59 of 3rd period - Stopped by Maxime Daigneault with a rebound.
9:01 of 3rd period - Snap shot by Mike Mottau.
9:01 of 3rd period - Shot Blocked by Michal Rozsival.
9:03 of 3rd period - Wrist shot by Chuck Kobasew.
9:03 of 3rd period - Stopped by Maxime Daigneault without a rebound.
9:04 of 3rd period - Bryan Little wins face-off versus Tuomo Ruutu in Jets zone.
9:04 of 3rd period - Minor Penalty to Rostislav Olesz for Hooking.
9:05 of 3rd period - Ryan Smyth wins face-off versus Jason Allison in Avalanche zone.
11:04 of 3rd period - Penalty to Rostislav Olesz is over, Rostislav Olesz is back on ice.
13:05 of 3rd period - Minor Penalty to Corey Perry for Charging.
13:06 of 3rd period - Jason Allison wins face-off versus Ryan Smyth in Avalanche zone.
13:31 of 3rd period - Marc Staal is hit by Tuomo Ruutu and loses puck.
13:50 of 3rd period - Benoit Pouliot is hit by Mike Comrie and loses puck.
15:05 of 3rd period - Penalty to Corey Perry is over, Corey Perry is back on ice.
17:12 of 3rd period - Mike Mottau is hit by Benoit Pouliot and loses puck.
17:31 of 3rd period - Snap shot by Jason Allison.
17:31 of 3rd period - Shot Misses the Net.
17:47 of 3rd period - Rostislav Olesz is hit by Fredrik Sjostrom.
18:35 of 3rd period - Dave Tanabe is hit by Michal Rozsival.
18:39 of 3rd period - Marc Staal is hit by Greg Campbell and loses puck.
18:58 of 3rd period - Slapshot by Marc Staal.
18:58 of 3rd period - Shot Blocked by Fredrik Sjostrom.
19:00 of 3rd period - Avalanche, Marty Turco is pulled from the net.
19:00 of 3rd period - Backhand shot by Mike Comrie.
19:00 of 3rd period - Shot Misses the Net.
19:02 of 3rd period - Slapshot by Ryan Smyth.
19:02 of 3rd period - Deflect By Jason Pominville.
19:02 of 3rd period - Stopped by Maxime Daigneault with a rebound.
19:04 of 3rd period - Slapshot by Jason Pominville.
19:04 of 3rd period - Stopped by Maxime Daigneault without a rebound.
19:05 of 3rd period - Patrick Roy call a timeout for Avalanche.
19:05 of 3rd period - Jason Allison wins face-off versus Mike Comrie in Jets zone.
19:22 of 3rd period - Wrist shot by Daniel Alfredsson.
19:22 of 3rd period - Goal by Daniel Alfredsson - Jets : 4 - Avalanche : 2.
19:22 of 3rd period - Marty Turco from Avalanche was sent back in the game.
19:23 of 3rd period - Adam Burish wins face-off versus Bryan Little in neutral zone.
19:32 of 3rd period - Greg Campbell is hit by Bryan Little and loses puck.
19:57 of 3rd period - Snap shot by Michael Ryder.
19:57 of 3rd period - Stopped by Marty Turco with a rebound.
19:59 of 3rd period - Wrist shot by Michal Rozsival.
19:59 of 3rd period - Shot Misses the Net.
Goals for this period are 1 for Jets vs 0 for Avalanche.
Shots for this period are 9 for Jets vs 12 for Avalanche.
Output by the SimonT Hockey Simulator (STHS) for François Prévost -- Original Page W3C XHTML 1.0 Valid